 Dungeon Crawl Stone Soup version bcrawl-1.14 (webtiles) character file.

Game seed: 12425457633449834548

100 MisterOstroum the Sneak (level 4, -10/28 HPs)
             Began as a Vine Stalker Rogue on Sept 14, 2019.
             Was an Initiate of Wu Jian.
             Mangled by Sigmund
             ... wielding a +3 scythe
              (13 damage)
             ... on level 3 of the Dungeon.
             The game lasted 00:04:48 (1431 turns).

MisterOstroum the Sneak (Vine Stalker Rogue)        Turns: 1431, Time: 00:04:49

Health: -10/28     AC:  3    Str: 12    XL:     4   Next: 74%
Magic:  6/6        EV: 17    Int: 11    God:    Wu Jian [......]
Gold:   92         SH:  0    Dex: 21    Spells: 3/3 levels left

rFire    . . .     SeeInvis .   a - +2 dagger
rCold    + . .     Gourm    .   (no shield)
rNeg     . . .     Faith    .   c - +0 robe
rPois    +         Spirit   .   (no helmet)
rElec    .         Reflect  .   d - +0 cloak
rCorr    .         Harm     .   (no gloves)
MR       .....                  (no boots)
Stlth    +++++.....             (no amulet)
HPRegen  0.49/turn              q - ring of poison resistance
MPRegen  0.10/turn              (no ring)

@: agile
A: fangs 2, cold resistance 1, regeneration 1, weak 1, no potion heal 3, rot
immunity, MP-powered wands, strong jaws
a: Renounce Religion


You were on level 3 of the Dungeon.
You worshipped Wu Jian.
Wu Jian was noncommittal.
You were hungry.

You visited 1 branch of the dungeon, and saw 3 of its levels.

You collected 92 gold pieces.

Inventory:

Hand Weapons
 a - a +2 dagger (weapon)
 b - a +0 blowgun
Missiles
 h - 75 poisoned needles
 j - 156 stones (quivered)
Armour
 c - a +0 robe (worn)
 d - a +0 cloak (worn)
Jewellery
 q - a ring of poison resistance (left hand)
 r - a +3 ring of strength {unknown}
Wands
 f - a wand of flame (15)
 g - a wand of enslavement (15)
Scrolls
 k - 2 scrolls of remove curse {unknown}
 m - a scroll of enchant weapon {unknown}
 p - 3 scrolls of identify {unknown}
Potions
 n - a potion of curing {unknown}
 o - a potion of mutation
Comestibles
 e - 4 rations {!d}


   Skills:
 - Level 3.1 Fighting
 - Level 3.0 Short Blades
 + Level 1.1 Dodging
 - Level 6.0 Stealth
 - Level 2.0 Evocations


You had 3 spell levels left.
You didn't know any spells.
Your spell library was empty.

Dungeon Overview and Level Annotations

Branches:
Dungeon (3/12)

Altars:
Wu Jian

Annotations:
D:3 Sigmund


Innate Abilities, Weirdness & Mutations

You have extremely sharp teeth.
Your natural rate of healing is unusually fast.
Potions cannot restore your health.
You are immune to rotting.
Your bites deal extra damage.
Your flesh is cold resistant. (rC+)
You are weak. (Str -2)
You expend magic power (3 MP) to strengthen your wands.


Message History

The Council accepts your kill.
You lunge at the hobgoblin, in a flurry of attacks.
You hit the hobgoblin.
The hobgoblin is almost dead.
You hit the hobgoblin.
You kill the hobgoblin!
The Council accepts your kill.
Things that are here:
a +0 dagger; a kobold corpse The kobold corpse isn't edible.
Some of the chunks of flesh in your inventory have rotted away.
You see here a robe.
e - 4 rations {!d} (gained 1) Done exploring.
Done exploring.
Done exploring.
Done exploring.
Unknown command.
Done exploring.
Done exploring.
(D) Dungeon
Where to? (Enter - D:2, ? - help)
There is a stone staircase leading down here.
You climb downwards.
Found 16 gold pieces.
There is a stone staircase leading up here.
You now have 86 gold pieces (gained 16).
You open the door.
A hound comes into view.
A hound is nearby!
There is an open door here.
You lunge at the hound.
The helpless hound fails to defend itself.
You impale the hound!!
You kill the hound!
The Council accepts your kill.
An adder comes into view.
The adder hisses angrily.
You closely miss the adder. The adder closely misses you.
You hit the adder but do no damage. The adder bites you.
You hit the adder.
The adder is moderately wounded.
The adder bites you but does no damage.
You hit the adder.
The adder is heavily wounded.
The adder closely misses you. The adder bites you.
You hit the adder.
You kill the adder!
The Council accepts your kill.
Training target 3.0 for Fighting reached!
Your Fighting skill increases to level 3!
You need to enable at least one skill for training.
HP restored.
You open the door.
There is an open door here.
You now have 92 gold pieces (gained 6).
Found a stone staircase leading down.
There is an open door here.
Found a stone staircase leading down.
r - a glowing marble ring All of the chunks of flesh in your inventory have rotted away.
You are feeling hungry.
No target in view!
No target in view!
A frilled lizard comes into view.
A frilled lizard is nearby!
You lunge at the frilled lizard.
The helpless frilled lizard fails to defend itself.
You spit the frilled lizard like a pig!!!
You kill the frilled lizard!
The Council accepts your kill.
Sigmund the Dreaded comes into view.
He is wielding a +3 scythe.
Sigmund shouts!
Sigmund mumbles some strange words.
Sigmund flickers and vanishes!
Deactivating autopickup; reactivate with Ctrl-A.
You are confused.
You bump into the rock wall.
You bump into the rock wall.
You feel less confused.
A magic dart appears from out of thin air!
The magic dart hits you!
You hear some strange, mumbled words.
A magic dart appears from out of thin air!
The magic dart hits you!
You hit something but do no damage. You barely miss something.
Something hits you!
* * * LOW HITPOINT WARNING * * *
You hit something but do no damage. Something hits you but does no damage.
You hit something but do no damage. You closely miss something.
You bite something. Something hits you!
* * * LOW HITPOINT WARNING * * *
It was a potion of mutation.
You feel extremely strange.
You feel your magical essence link to your wands.
You feel weaker.
You feel resistant to cold.
Unknown command.
It was a potion of agility.
You feel agile all of a sudden. Something hits you!
You die...

####...... ##...##
#...†..# #...>..
#. #.#.##
.#####...## #.
#.#..##...........
#. #.....#
######.### #.
###..## #.# #.
#..# ##'##
#.####..# ##...##
#...@{..# ##.....#
#######.##
##.......
##...####........
#.......+........
##...####........
##.## ##.......
#.# ##.....# #.#
##...## ##.##
##+##


There were no monsters in sight!

Vanquished Creatures
  A hound (D:3)
  An adder (D:3)
  An ooze (D:1)
  A worm (D:1)
  3 dart slugs (D:1)
  6 leopard geckos
  2 giant cockroaches
  4 goblins
  4 hobgoblins
  A quokka (D:2)
  2 bats (D:1)
  6 frilled lizards
  8 kobolds
  4 rats
44 creatures vanquished.

Notes
Turn   | Place    | Note
-------+----------+-------------------------------------------
     0 | D:1      | MisterOstroum the Vine Stalker Rogue began the quest for
                  | the Orb.
     0 | D:1      | Reached XP level 1. HP: 12/12 MP: 3/3
    15 | D:1      | Reached skill level 6 in Stealth
    30 | D:1      | Reached XP level 2. HP: 15/17 MP: 4/4
   242 | D:1      | Reached XP level 3. HP: 17/21 MP: 5/5
   890 | D:2      | Reached skill level 1 in Dodging
   958 | D:2      | Reached XP level 4. HP: 24/26 MP: 6/6
  1027 | D:2      | Found an ornate altar of the Wu Jian Council.
  1035 | D:2      | Became a worshipper of the Wu Jian Council
  1411 | D:3      | Noticed Sigmund
  1430 | D:3      | Gained mutation: You expend magic power (3 MP) to
                  | strengthen your wands. [potion of mutation]
  1430 | D:3      | Gained mutation: You are weak. (Str -2) [potion of
                  | mutation]
  1430 | D:3      | Gained mutation: Your flesh is cold resistant. (rC+)
                  | [potion of mutation]
  1431 | D:3      | Mangled by Sigmund

Skill      XL: |  1  2  3  4 |
---------------+-------------+-----
Stealth        | 6 |  6.0
Short Blades   | 2 3 |  3.0
Fighting       | 2 3 |  3.1
Evocations     | 2 |  2.0
Dodging        | 1 |  1.1

Action                   |  1- 3 |  4- 6 || total
-------------------------+-------+-------++-------
Melee: Dagger            |   102 |    27 ||   129
       Bite              |     6 |     1 ||     7
 Fire: Blowgun           |     5 |       ||     5
Invok: Lunge             |       |     3 ||     3
  Use: Potion            |       |     2 ||     2
 Stab: Sleeping          |     8 |     2 ||    10
  Eat: Chunk             |       |     1 ||     1
Armor: Robe              |    26 |     2 ||    28
Dodge: Dodged            |    44 |    11 ||    55
